 Dungeon Crawl Stone Soup version 0.23-a0-704-g7fdf9c5 (webtiles) character file.

23171 Lanoc the Carver (level 13, -11/104 HPs)
             Began as a Formicid Fighter on Jan 14, 2019.
             Was a Believer of Wu Jian.
             Killed from afar by a fire giant (38 damage)
             ... with a fireball
             ... on level 12 of the Dungeon.
             The game lasted 00:53:56 (11050 turns).

Lanoc the Carver (Formicid Fighter)                Turns: 11050, Time: 00:53:57

Health: -11/104    AC: 25    Str: 33    XL:     13   Next: 33%
Magic:  0/13       EV: 15    Int:  9    God:    Wu Jian [**....]
Gold:   1161       SH: 17    Dex: 20    Spells: 12/12 levels left

rFire    . . .     SeeInvis +   m - +2 scimitar (flame)
rCold    x . .     Gourm    .   d - +3 shield of the End {rC- Regen+ rCorr}
rNeg     . . .     Faith    .   a - +4 shadow dragon scales of Darkness {MR+ Regen+ Dex+5 Stlth++++}
rPois    .         Spirit   +   (helmet unavailable)
rElec    .         Reflect  .   x - scarf {repulsion}
rCorr    +         Harm     .   t - +0 pair of gloves {Str+3}
MR       ++...     Clarity  +   g - +2 pair of boots "Jopn" {+Inv +Fly rCorr Dex+5}
Stlth    ++++......             i - amulet of guardian spirit
HPRegen  1.07/turn              A - ring of stealth
MPRegen  0.13/turn              b - ring of wizardry

@: mighty, repel missiles
A: permanent stasis, dig shafts and tunnels, four strong arms, antennae 3,
talons 1, thin metallic scales 1, clarity, MP-powered wands
a: Dig, Shaft Self, Wall Jump, Renounce Religion, Evoke Invisibility, Evoke
Flight


You were on level 12 of the Dungeon.
You worshipped Wu Jian.
Wu Jian was pleased with you.
You were not hungry.

You visited 2 branches of the dungeon, and saw 13 of its levels.
You visited the Abyss 1 time.
You also visited: Trove, Ossuary, Bailey and Gauntlet.

You collected 1226 gold pieces.
You spent 65 gold pieces at shops.

Inventory:

Hand Weapons
 m - a +2 scimitar of flaming (weapon)
Missiles
 k - 104 sling bullets
Armour
 a - the +4 shadow dragon scales of Darkness (worn) {MR+ Regen+ Dex+5 Stlth++++}
   (You found it in a treasure trove)

   It affects your dexterity (+5).
   It affects your resistance to hostile enchantments.
   It increases your rate of regeneration.
   It makes you much more stealthy.
 d - the +3 shield of the End (worn) {rC- Regen+ rCorr}
   (You found it in a treasure trove)

   It makes you vulnerable to cold.
   It increases your rate of regeneration.
   It provides partial protection from all sources of acid and corrosion.
 g - the +2 pair of boots "Jopn" (worn) {+Inv +Fly rCorr Dex+5}
   (You found it on level 11 of the Dungeon)

   It affects your dexterity (+5).
   It lets you turn invisible.
   It lets you fly.
   It provides partial protection from all sources of acid and corrosion.
 j - the +0 pair of boots "Vidd" {+Fly rPois Str-2 Slay+5}
   (You found it in a Gauntlet)

   It affects your strength (-2).
   It affects your accuracy and damage with ranged weapons and melee attacks
   (+5).
   It protects you from poison.
   It lets you fly.
 o - the +1 pair of boots of the Leaf {rPois rF+ rCorr}
   (You found it in a treasure trove)

   It protects you from fire.
   It protects you from poison.
   It provides partial protection from all sources of acid and corrosion.
 t - a +0 pair of gloves of strength (worn)
 x - a scarf of repulsion (worn)
Magical Staves
 q - an uncursed staff of earth
Jewellery
 b - a ring of wizardry (right hand)
 i - an amulet of guardian spirit (around neck)
 A - a ring of stealth (left hand)
Wands
 h - a wand of polymorph (15)
 p - a wand of flame (13)
 z - a wand of acid (9)
 C - a wand of disintegration (6)
 D - a wand of digging (24)
Scrolls
 c - a scroll of brand weapon {unknown}
 e - a scroll of magic mapping
 n - 3 scrolls of silence {unknown}
 F - a scroll of summoning {unknown}
 G - 6 scrolls of enchant armour
 H - 4 scrolls of enchant weapon
 I - 5 scrolls of fear
 K - 2 scrolls of remove curse
Potions
 r - a potion of mutation
 M - 3 potions of magic
 O - a potion of brilliance
 P - a potion of cancellation
 R - 5 potions of flight
Comestibles
 f - 21 rations


   Skills:
 + Level 10.6 Fighting
 * Level 12.9 Long Blades
 + Level 10.6 Armour
 + Level 8.5 Dodging
 + Level 11.5 Shields


You had 12 spell levels left.
You didn't know any spells.
Your spell library contained the following spells:

 Spells                   Type           Power        Failure   Level  Hunger
 Flame Tongue             Conj/Fire      #....        45%         1    ##.....
 Ensorcelled Hibernation  Hex/Ice        #.....       61%         2    ###....
 Throw Flame              Conj/Fire      #.....       61%         2    ###....
 Conjure Flame            Conj/Fire      #.......     82%         3    ####...
 Inner Flame              Hex/Fire       #.......     82%         3    ####...
 Sticky Flame             Conj/Fire      #.......     99%         4    #####..
 Borgnjor's Vile Clutch   Necr/Erth      #.........   100%        5    ######.
 Fireball                 Conj/Fire      #.........   100%        5    ######.
 Silence                  Hex/Air        #.........   100%        5    ######.
 Darkness                 Hex            #.........   100%        6    #######
 Shadow Creatures         Summ           N/A          100%        6    #######


Dungeon Overview and Level Annotations

Branches:
Dungeon (12/15)            Temple (1/1) D:7            Lair (0/6) D:11
    Orc: D:9-12

Altars:
Ashenzari
Cheibriados
Dithmenos
Elyvilon
Fedhas
Gozag
Hepliaklqana
Kikubaaqudgha
Makhleb
Nemelex Xobeh
Okawaru
Qazlal
Ru
Sif Muna
Trog
Uskayaw
Vehumet
Wu Jian
Xom
Yredelemnul
Zin
The Shining One

Shops:
D:4 *   D:5 (   D:6 (


Innate Abilities, Weirdness & Mutations

You cannot be hasted, slowed, berserked, paralysed or teleported.
You can dig through walls and to a lower floor.
Your four strong arms can wield two-handed weapons with a shield.
You have a pair of large antennae on your head. (SInv)
You have sharp toenails.
You are partially covered in thin metallic scales. (AC +2)
You possess an exceptional clarity of mind.
You expend magic power (3 MP) to strengthen your wands.


Message History

* * * LOW HITPOINT WARNING * * *
The fireball engulfs the fire giant.
The fire giant resists.
You hear a shout!
You hear an angry buzzing noise.
You feel better.
You carefully extract the barbed spikes from your body.
The fire crab changes into a mana viper!
The fire giant hits you with a +0 great sword of flaming.
* * * LOW HITPOINT WARNING * * *
The fire giant burns you.
Unknown command.
You feel better. You block the fire giant's attack.
You feel better. The fire giant barely misses you.
You riposte.
You hit the fire giant.
The fire giant is almost dead.
Found a stone staircase leading up.
Found a stone staircase leading down.
An ogre comes into view. It is wielding a +0 giant spiked club.
The fire giant points at you and mumbles some strange words.
The fireball explodes!
The fireball engulfs you!
You die...

# #........ #>
#........
#.####..>.....
##.............
............<..
.....O.........
#.............
######@.......
#.............
#...#C#.........
#..###{###.......
. ##.9DH.##......
##....{..##.....
#...###...#..###
##..## #..##.#
#...# ...# #


You could see a fire giant and an ogre (wandering).

Vanquished Creatures
  A tentacled starspawn (Abyss:2)
  A minotaur (Gauntlet)
  A hydra (D:11)
  Erica (D:8)
  A centaur warrior (D:11)
  A two-headed ogre (D:9)
  A wizard (Gauntlet)
  A mana viper (Abyss:2)
  A cyclops (D:12)
  An apocalypse crab (Abyss:2)
  Psyche (D:9)
  A hellion (Abyss:2)
  A komodo dragon (D:10)
  An ancient zyme (Abyss:2)
  A troll (D:9)
  2 large abominations (Abyss:2)
  2 raiju
  A hornet (D:11)
  4 centaur simulacra (Gauntlet)
  A shadow (Abyss:2)
  2 wraiths
  A spriggan (D:8)
  8 yaks
  A chaos spawn (Abyss:2)
  A steam dragon (D:11)
  3 wargs (D:11)
  2 water moccasins
  A small abomination (Abyss:2)
  7 ice beasts
  5 sky beasts
  5 orc warriors
  5 phantoms
  A black bear (D:6)
  2 starcursed masses (Abyss:2)
  2 eyes of draining
  3 necrophages
  2 centaurs
  2 ogres
  A big kobold (D:11)
  6 bullfrogs
  A spiny frog simulacrum (Gauntlet)
  3 scorpions
  4 killer bees (D:10)
  2 howler monkeys (D:7)
  6 centaur zombies
  3 crimson imps
  2 quasits (Abyss:2)
  2 centaur skeletons
  A jelly (D:7)
  5 orc priests
  4 hounds
  An iron imp (Abyss:2)
  6 orc wizards
  Terence (D:3)
  Jessica (D:3)
  2 iguanas
  Natasha (twice) (D:3)
  A bullfrog skeleton (D:9)
  A lightning spire (Gauntlet)
  3 worker ants
  2 hound zombies
  2 hound skeletons
  13 mummies (Ossuary)
  A worker ant zombie (D:9)
  A howler monkey skeleton (D:6)
  12 adders
  2 gnolls (Bailey)
  6 shadow imps
  A white imp (Gauntlet)
  An adder skeleton (D:6)
  3 dart slugs (D:1)
  2 worms (D:5)
  6 leopard geckos
  21 orcs
  3 ball pythons
  7 giant cockroaches
  10 goblins
  9 hobgoblins
  2 jackals (D:10)
  3 quokkas
  3 bats (D:3)
  2 frilled lizards (D:1)
  A gnoll skeleton (Ossuary)
  4 goblin skeletons (Ossuary)
  17 kobolds
  2 kobold skeletons (Ossuary)
  An orc skeleton (Ossuary)
  5 rats
  11 rat skeletons (Ossuary)
  A rat zombie (D:4)
  A starspawn tentacle (Abyss:2)
291 creatures vanquished.

Vanquished Creatures (others)
  3 adders (D:5)
  A leopard gecko (D:11)
  A bat (D:1)
  A frilled lizard (D:5)
  4 starspawn tentacles (Abyss:2)
10 creatures vanquished.

Grand Total: 301 creatures vanquished

Notes
Turn   | Place    | Note
-------+----------+-------------------------------------------
     0 | D:1      | Lanoc the Formicid Fighter began the quest for the Orb.
     0 | D:1      | Reached XP level 1. HP: 18/18 MP: 1/1
    22 | D:1      | Reached XP level 2. HP: 22/24 MP: 2/2
   433 | D:1      | Reached XP level 3. HP: 29/29 MP: 3/3
   824 | D:2      | Found a basalt altar of Yredelemnul.
   861 | D:2      | Found a radiant altar of Vehumet.
  1061 | D:2      | Found a faded altar of an unknown god.
  1066 | D:2      | Became a worshipper of the Wu Jian Council
  1066 | D:2      | Reached * piety under Wu Jian
  1205 | D:3      | Reached skill level 1 in Dodging
  1238 | D:3      | Reached skill level 3 in Long Blades
  1238 | D:3      | Reached XP level 4. HP: 35/37 MP: 4/4
  1286 | D:3      | Reached XP level 5. HP: 41/42 MP: 5/5
  1568 | D:3      | Noticed Terence
  1568 | D:3      | Noticed Jessica
  1574 | D:3      | Killed Terence
  1581 | D:3      | Killed Jessica
  1642 | D:3      | Reached XP level 6. HP: 36/48 MP: 6/6
  1826 | D:3      | Reached ** piety under Wu Jian
  1833 | D:3      | Noticed Natasha
  1841 | D:3      | Killed Natasha
  1912 | D:3      | Noticed Natasha
  1918 | D:3      | Killed Natasha
  2041 | D:4      | Found a sand-covered staircase.
  2051 | Ossuary  | Entered an ossuary
  2066 | Ossuary  | Reached skill level 4 in Long Blades
  2362 | Ossuary  | Reached XP level 7. HP: 55/55 MP: 7/7
  2487 | Ossuary  | Reached *** piety under Wu Jian
  2550 | D:4      | Found Waus's General Store.
  2557 | D:4      | Bought a potion of heal wounds for 65 gold pieces
  2877 | D:4      | Reached skill level 5 in Shields
  3041 | D:5      | Entered Level 5 of the Dungeon
  3073 | D:4      | Reached skill level 5 in Long Blades
  3244 | D:5      | Reached skill level 5 in Fighting
  3244 | D:5      | Reached XP level 8. HP: 58/62 MP: 8/8
  3247 | D:5      | Reached skill level 5 in Armour
  3345 | D:5      | Found a shimmering altar of Xom.
  3446 | D:5      | Reached skill level 6 in Long Blades
  3493 | D:5      | Reached skill level 9 in Long Blades
  3493 | D:5      | Reached skill level 5 in Dodging
  3493 | D:5      | Reached XP level 9. HP: 71/73 MP: 9/9
  3494 | D:5      | Reached skill level 10 in Long Blades
  3494 | D:5      | Reached XP level 10. HP: 80/82 MP: 10/10
  3565 | D:5      | Found Jahof's Antique Weapon Emporium.
  3724 | D:6      | Found Ketzey's Antique Weapon Boutique.
  3792 | D:6      | Found an opulent altar of Gozag.
  4171 | D:6      | Found a sacrificial altar of Ru.
  4174 | D:6      | Found a snail-covered altar of Cheibriados.
  4177 | D:6      | Found a blossoming altar of Fedhas.
  4180 | D:6      | Found a white marble altar of Elyvilon.
  4512 | D:7      | Found a shimmering altar of Xom.
  4522 | D:7      | Found a staircase to the Ecumenical Temple.
  4531 | Temple   | Entered the Ecumenical Temple
  4767 | D:7      | Reached XP level 11. HP: 82/87 MP: 11/11
  5558 | D:8      | Noticed Erica
  5572 | D:8      | Killed Erica
  5624 | D:8      | Found a flagged portal.
  5764 | Bailey   | Entered a bailey
  5823 | Bailey   | Reached **** piety under Wu Jian
  5895 | Bailey   | Found a bloodstained altar of Trog.
  6211 | D:8      | Found a glowing silver altar of Zin.
  6795 | D:8      | Reached skill level 11 in Long Blades
  6952 | D:9      | Reached skill level 10 in Shields
  7192 | D:9      | Found a deep blue altar of Sif Muna.
  7253 | D:9      | Noticed Psyche
  7271 | D:9      | Killed Psyche
  7528 | D:9      | Noticed a two-headed ogre
  7536 | D:9      | Killed a two-headed ogre
  7645 | D:10     | Entered Level 10 of the Dungeon
  7905 | D:10     | Reached ***** piety under Wu Jian
  7971 | D:10     | Found a portal to a secret trove of treasure.
  8014 | Trove    | Entered a treasure trove
  8019 | Trove    | Got slimy shadow dragon scales
  8021 | Trove    | Got a transparent shield
  8029 | Trove    | Got a pair of scorched boots
  8039 | Trove    | Got a pair of bloodstained boots
  8043 | Trove    | Got a pair of spiked gloves
  8051 | Trove    | Got an encrusted ring mail
  8053 | Trove    | Got a faintly humming chain mail
  8075 | D:10     | Identified the +1 pair of gloves "Kuwuadd" {*Drain *Slow
                  | rC+++ rCorr} (You found it in a treasure trove)
  8085 | D:10     | Identified the +3 shield of the End {rC- Regen+ rCorr} (You
                  | found it in a treasure trove)
  8097 | D:10     | Identified the +4 shadow dragon scales of Darkness {MR+
                  | Regen+ Dex+5 Stlth++++} (You found it in a treasure trove)
  8127 | D:10     | Identified the +0 pair of boots of Plog {Str+4} (You found
                  | it in a treasure trove)
  8167 | D:10     | Identified the +1 pair of boots of the Leaf {rPois rF+
                  | rCorr} (You found it in a treasure trove)
  8187 | D:10     | Identified the +1 ring mail of Pantheism {rPois Slay+5
                  | Stlth-} (You found it in a treasure trove)
  8197 | D:10     | Identified the +5 chain mail "Vyzussasm" {rC+ Str+5} (You
                  | found it in a treasure trove)
  8754 | D:11     | Reached XP level 12. HP: 96/96 MP: 12/12
  8791 | D:11     | Got a pair of pitted boots
  8806 | D:11     | Identified the +2 pair of boots "Jopn" {+Inv +Fly rCorr
                  | Dex+5} (You found it on level 11 of the Dungeon)
  8826 | D:11     | Noticed an eight-headed hydra
  8906 | D:11     | Found a gate leading to a gauntlet.
  8915 | Gauntlet | Entered a Gauntlet
  8915 | Gauntlet | Found a transporter.
  8924 | Gauntlet | Found a transporter.
  8940 | Gauntlet | Found a transporter.
  8945 | Gauntlet | Found a transporter.
  8958 | Gauntlet | Noticed a sixfirhy
  8959 | Gauntlet | Noticed a sixfirhy
  8959 | Gauntlet | Noticed a sixfirhy
  8960 | Gauntlet | Found a transporter.
  8971 | Gauntlet | Noticed a sixfirhy
  8979 | Gauntlet | Found a transporter.
  8990 | Gauntlet | Noticed a death ooze
  8991 | Gauntlet | Found a transporter.
  8997 | Gauntlet | Found a transporter.
  9012 | Gauntlet | Found a transporter.
  9018 | Gauntlet | Found a transporter.
  9022 | Gauntlet | Found a transporter.
  9041 | Gauntlet | Found a transporter.
  9053 | Gauntlet | Found a transporter.
  9059 | Gauntlet | Found a transporter.
  9081 | Gauntlet | Found a transporter.
  9098 | Gauntlet | Found a transporter.
  9225 | Gauntlet | Found a transporter.
  9312 | Gauntlet | Cast into level 2 of the Abyss (a wizard)
  9348 | Abyss:2  | Found a deep blue altar of Sif Muna.
  9386 | Abyss:2  | Noticed a great orb of eyes
  9467 | Abyss:2  | Noticed a sixfirhy
  9499 | Abyss:2  | Noticed a tentacled starspawn
  9517 | Abyss:2  | Killed a tentacled starspawn
  9517 | Abyss:2  | Reached skill level 10 in Fighting
  9517 | Abyss:2  | Reached skill level 12 in Long Blades
  9541 | Abyss:2  | Reached skill level 10 in Armour
  9550 | Abyss:2  | Noticed a wretched star
  9553 | Abyss:2  | Noticed a starcursed mass
  9587 | Abyss:2  | Noticed a wretched star
  9610 | Abyss:2  | Noticed a thrashing horror
  9653 | Abyss:2  | Noticed a starcursed mass
  9671 | Abyss:2  | Killed a starcursed mass
  9694 | Abyss:2  | Noticed a tentacled starspawn
  9742 | Abyss:2  | Noticed a large abomination
  9792 | Gauntlet | Escaped the Abyss
  9810 | Gauntlet | Found a transporter.
 10064 | Gauntlet | Gained mutation: You possess an exceptional clarity of
                  | mind. [potion of mutation]
 10064 | Gauntlet | Gained mutation: You expend magic power (3 MP) to
                  | strengthen your wands. [potion of mutation]
 10064 | Gauntlet | Gained mutation: You have sharp toenails. [potion of
                  | mutation]
 10064 | Gauntlet | Gained mutation: You are partially covered in thin metallic
                  | scales. (AC +2) [potion of mutation]
 10084 | Gauntlet | Got a pair of ancient boots
 10120 | Gauntlet | Identified the +0 pair of boots "Vidd" {+Fly rPois Str-2
                  | Slay+5} (You found it in a Gauntlet)
 10145 | Gauntlet | Noticed a minotaur
 10160 | Gauntlet | Killed a minotaur
 10160 | Gauntlet | Reached XP level 13. HP: 55/104 MP: 7/13
 10422 | D:11     | Found a basalt altar of Yredelemnul.
 10473 | D:11     | Noticed a centaur warrior
 10484 | D:11     | Killed a centaur warrior
 10571 | D:11     | Found a staircase to the Lair.
 10658 | D:11     | Killed a two-headed hydra
 11010 | D:12     | Noticed a four-headed hydra
 11020 | D:12     | Noticed a fire giant
 11044 | D:12     | HP: 3/104 [fire giant/fireball (42)]
 11050 | D:12     | Killed from afar by a fire giant

Vault maps used:
D:1:      wander_arrival_fairy_ring
D:2:      nicolae_overflow_crystal_walls, overflow_temple_1_default,
          chequers_ecumenical_altar_grove
D:3:      nrook_campfire, uniq_terence, uniq_natasha, uniq_jessica
D:4:      first_ration, enter_ossuary_3, serial_shops,
          nicolae_shop_temple_entry_statues_fountains
D:5:      lemuel_upstairs_altar, serial_shops, nicolae_shop_behind_doors,
          xom_confusion_cloud
D:6:      grunt_temple_overflow_cloverleaf, serial_shops, nicolae_shop_stone,
          grunt_gozag_breadcrumbs
D:7:      temple_statues, basic_altar, minmay_misc_feat_room
D:8:      marbit_many_paths, enter_bailey_6, the_bakery, uniq_erica
D:9:      lemuel_blue_sif_altar, nicolae_straight_to_the_point, uniq_psyche
D:10:     minmay_evil_eye, nicolae_trove_entry_free_sample
D:11:     erik_lair_orcish_takeover, gauntlet_entry_generic,
          serial_column_ruins, column_ruins_temple_circle,
          column_ruins_hut_ruined, column_ruins_columns_straight,
          column_ruins_columns_corner, column_ruins_open_medium,
          column_ruins_open_large, column_ruins_grid_1, ldierk_geyser
D:12:     minmay_ornate_pinched, orc_0_dummy, maelrawn_ghost_gauntlet_escape,
          minmay_checkered_concentric_circles
Temple:   minmay_temple_curvy_branch
Trove:    trove_armour_six_rooms
Ossuary:  ossuary_due_small_catacomb
Bailey:   bailey_axe_3, bailey
Gauntlet: gammafunk_gauntlet_one_two_three

Skill      XL: |  1  2  3  4  5  6  7  8  9 10 11 12 |
---------------+-------------------------------------+-----
Dodging        | 1 2 5 6 7 8 |  8.5
Long Blades    | 3 4 5 9 10 11 12 | 12.9
Shields        | 4 5 8 9 10 11 | 11.5
Fighting       | 4 5 7 8 9 10 | 10.6
Armour         | 4 7 8 9 10 | 10.6

Action                   |  1- 3 |  4- 6 |  7- 9 | 10-12 | 13-15 || total
-------------------------+-------+-------+-------+-------+-------++-------
Melee: Long sword        |    90 |   174 |   203 |   111 |       ||   578
       Scimitar          |       |       |       |   436 |   167 ||   603
Throw: Tomahawk          |       |       |       |    24 |       ||    24
Invok: Lunge             |     1 |    13 |    14 |    40 |    10 ||    78
       Whirlwind         |       |       |     5 |    23 |    41 ||    69
 Abil: Dig               |       |       |       |    12 |       ||    12
  Use: Scroll            |       |     7 |     4 |     9 |     1 ||    21
       Potion            |       |       |     3 |     9 |     5 ||    17
 Stab: Sleeping          |       |       |       |     5 |     3 ||     8
       Distracted        |       |       |       |     1 |       ||     1
  Eat: Chunk             |     1 |     4 |     4 |    14 |     2 ||    25
       Ration            |       |       |       |     3 |       ||     3
Armor: Scale mail        |    29 |    43 |    50 |    47 |       ||   169
       Shadow dragon sca |       |       |       |    52 |    35 ||    87
       Quicksilver drago |       |       |       |     9 |       ||     9
       Troll leather arm |       |       |       |     2 |       ||     2
Dodge: Dodged            |    28 |    49 |    42 |   170 |    55 ||   344
       Deflected         |       |       |       |     2 |     5 ||     7
Block: Shield            |    39 |    67 |    75 |   287 |   100 ||   568
       Rpst.: Long sword |     9 |    16 |    11 |     8 |       ||    44
       Scimitar          |       |       |       |    38 |    11 ||    49

Table legend:
 A = Non-vault XP
 B = Vault XP
 C = Vault XP percentage of total XP
 D = Non-vault monster count
 E = Vault monster count
 F = Vault count percentage of total count
                 A         B        C        D         E       F
            +---------+---------+-------+---------+---------+-------
      Total |   20897 |    7172 |  25.6 |     212 |      79 |  27.1
            +---------+---------+-------+---------+---------+-------
        D:1 |      32 |       0 |   0.0 |      17 |       0 |   0.0
        D:2 |      27 |       0 |   0.0 |       8 |       0 |   0.0
        D:3 |     177 |     111 |  38.5 |      27 |       3 |  10.0
        D:4 |     402 |       1 |   0.2 |      10 |       1 |   9.1
        D:5 |     523 |     457 |  46.6 |      13 |       6 |  31.6
        D:6 |     635 |       0 |   0.0 |      10 |       0 |   0.0
        D:7 |     450 |       0 |   0.0 |      10 |       0 |   0.0
        D:8 |     423 |    1132 |  72.8 |      14 |       3 |  17.6
        D:9 |    1952 |     439 |  18.4 |      15 |       1 |   6.2
       D:10 |    2679 |       0 |   0.0 |      27 |       0 |   0.0
       D:11 |    6848 |     543 |   7.3 |      43 |       6 |  12.2
       D:12 |       0 |     565 | 100.0 |       0 |       1 | 100.0
    Abyss:2 |    6749 |       0 |   0.0 |      18 |       0 |   0.0
    Ossuary |       0 |     257 | 100.0 |       0 |      32 | 100.0
     Bailey |       0 |     566 | 100.0 |       0 |      14 | 100.0
   Gauntlet |       0 |    3101 | 100.0 |       0 |      12 | 100.0
            +---------+---------+-------+---------+---------+-------
